 Dungeon Crawl Stone Soup version 0.30.0-5-g1a98f26d00 (webtiles) character file.

Game seed: 9915799363944044540

2225 Demosthentine the Trooper (level 9, -9/70 HPs)
             Began as a Demonspawn Gladiator on May 12, 2023.
             Was an Initiate of Hepliaklqana.
             Killed by the air
             ... invoked by Gastronok
              (20 damage)
             ... on level 8 of the Dungeon.
             The game lasted 00:07:43 (6662 turns).

Demosthentine the Trooper (Demonspawn Gladiator)    Turns: 6662, Time: 00:07:44

Health: -9/70      AC:  9    Str: 17    XL:     9   Next: 13%
Magic:  9/9        EV: 14    Int: 10    God:    Hepliaklqana [......]
Gold:   393        SH:  0    Dex: 16    Spells: 8/8 levels left

rFire   . . .        a - +1 trident (freeze)
rCold   . . .        (no shield)
rNeg    . . .        s - +0 leather armour {rPois}
rPois   +            (helmet restricted)
rElec   .            (no cloak)
rCorr   .            q - +2 pair of gloves
SInv    .            c - +1 pair of boots
Will    .....        (no amulet)
Stlth   +            (no ring)
HPRegen 0.31/turn    (no ring)
MPRegen 0.11/turn

%: no passive effects
@: mighty
A: horns 1, powered by death 2, powered by pain 1, weakness stinger 2
a: Renounce Religion


You were on level 8 of the Dungeon.
You worshipped Hepliaklqana.
Hepliaklqana was noncommittal.
You visited 2 branches of the dungeon, and saw 9 of its levels.

You collected 393 gold pieces.

Inventory:

Hand Weapons
 a - a +1 trident of freezing (weapon)
Missiles
 d - 2 throwing nets (quivered)
 e - a javelin
Armour
 c - a +1 pair of boots (worn)
 q - a +2 pair of gloves (worn)
 s - a +0 leather armour of poison resistance (worn)
Wands
 b - a wand of digging (1)
 p - a wand of charming (8)
 t - a wand of mindburst (9)
 z - a wand of acid (9)
Scrolls
 i - 2 scrolls of identify
 k - a scroll of fear
 m - 2 scrolls of blinking
 n - 2 scrolls of amnesia
 o - 4 scrolls of enchant weapon
 y - a scroll of fog
Potions
 f - 2 potions of flight
 g - 4 potions of curing
 h - 3 potions of haste
 j - 2 potions of magic
 l - 3 potions of mutation
 r - a potion of lignification
 w - a potion of cancellation


   Skills:
 + Level 6.3 Fighting
 + Level 6.2 Polearms
 - Level 1.7 Throwing
 + Level 5.3 Armour
 + Level 6.2 Dodging


You had 8 spell levels left.
You didn't know any spells.
Your spell library contained the following spells:

 Spells                   Type           Power      Damage    Failure   Level
 Necrotise                Necr           0%         1d4       41%         1
 Frozen Ramparts          Ice            0%         1d1       80%         3
 Ozocubu's Armour         Ice            0%         N/A       80%         3
 Vampiric Draining        Necr           0%         2d6       80%         3
 Cause Fear               Hex            0%         N/A       99%         4
 Ice Form                 Ice/Tmut       0%         N/A       99%         4
 Summon Ice Beast         Ice/Summ       0%         N/A       99%         4
 Agony                    Necr           0%         N/A       100%        5
 Blade Hands              Tmut           0%         N/A       100%        5
 Irradiate                Conj/Tmut      0%         3d11      100%        5
 Summon Forest            Summ/Tloc      0%         N/A       100%        5
 Eringya's Noxious Bog    Tmut/Pois      0%         N/A       100%        6
 Dragon Form              Tmut           0%         N/A       100%        7
 Ozocubu's Refrigeration  Ice            0%         4d7       100%        7
 Summon Hydra             Summ           0%         N/A       100%        7
 Dragon's Call            Summ           0%         N/A       100%        9


Dungeon Overview and Level Annotations

Branches:
Dungeon (8/15)             Temple (1/1) D:7
   Lair: D:8-11

Altars:
Ashenzari
Cheibriados
Dithmenos
Hepliaklqana
Kikubaaqudgha
Makhleb
Nemelex Xobeh
Okawaru
Qazlal
Ru
Sif Muna
Trog
Vehumet
Wu Jian
Yredelemnul

Shops:
D:1 (   D:2 [:   D:4 [   D:6 *

Annotations:
D:8 Gastronok


Innate Abilities, Weirdness & Mutations

You have a pair of small horns on your head.
You regenerate health from kills.
You sometimes gain a little power by taking damage.
You have a tail ending in a sharp stinger.


Message History

Found a stone staircase leading down.
Gastronok the Ponderous comes into view.
He is wearing a +2 hat of willpower.
Gastronok gurgles horribly!
Gastronok waves his eye-stalks in wide circles.
The air twists around and strikes you!
You focus on the pain.
You feel very mighty all of a sudden.
You reach to attack!
You hit Gastronok. You freeze Gastronok.
Gastronok is lightly wounded.
Gastronok waves his eye-stalks in wide circles.
The air twists around and strikes you!!!
Ouch! That really hurt!
* * * LOW HITPOINT WARNING * * *
You are too injured to fight recklessly!
You are too injured to fight recklessly!
You are confused.
You feel invigorated.
Unknown command.
You bump into the rock wall.
Gastronok's eyestalks stretch out, then return to normal size.
You feel less invigorated.
You feel less confused.
You puncture Gastronok! You freeze Gastronok. You headbutt Gastronok!
Gastronok is moderately wounded.
Gastronok waves his eye-stalks in wide circles.
The air twists around and strikes you!
You focus on the pain.
You feel mightier all of a sudden.
You puncture Gastronok! You freeze Gastronok.
Gastronok is moderately wounded.
You puncture Gastronok! You freeze Gastronok. You headbutt Gastronok!
Gastronok is heavily wounded.
Gastronok makes a strange noise.
Gastronok bites you!
* * * LOW HITPOINT WARNING * * *
You puncture Gastronok! You freeze Gastronok. You headbutt Gastronok!
Gastronok is severely wounded.
You puncture Gastronok! You freeze Gastronok.
Gastronok is almost dead.
Gastronok waves his eye-stalks in wide circles.
The air twists around and strikes you!!
You die...

#..### #....
#...# # #...#.#
####...#.##
#.........
##.#.#..#
#...@w..#
#......##
##.###.#
#......#######..
####............
###.##.##...#>
###.##.#......
#<#....#..#.#
#.##........#


You could see Gastronok.

Vanquished Creatures
  Pikel (D:6)
  A steam dragon (D:6)
  Duvessa (D:6)
  2 black bears
  A sky beast (D:7)
  An ice beast (D:6)
  2 ogres
  A centaur (D:7)
  A bullfrog (D:8)
  A scorpion (D:5)
  Dowan (D:6)
  2 howler monkeys
  2 electric eels (D:7)
  A hound (D:7)
  An orc priest (D:4)
  A jelly (D:5)
  A gnoll bouda (D:4)
  4 iguanas
  Terence (D:3)
  Jessica (D:2)
  4 orc wizards
  Natasha (twice) (D:2)
  5 gnolls (D:4)
  6 adders
  A shadow imp (D:7)
  An ufetubus (D:5)
  A worm (D:5)
  3 dart slugs
  15 orcs
  6 bats
  5 endoplasms
  5 giant cockroaches
  2 goblins
  7 hobgoblins
  4 jackals (D:2)
  7 kobolds
  4 quokkas
  4 ball pythons
  4 frilled lizards
  4 rats (D:1)
  2 butterflies (D:7)
119 creatures vanquished.

Vanquished Creatures (others)
  An orc wizard (D:6)
1 creature vanquished.

Grand Total: 120 creatures vanquished

Notes
Turn   | Place    | Note
-------+----------+-------------------------------------------
     0 | D:1      | Demosthentine the Demonspawn Gladiator began the quest for
                  | the Orb.
     0 | D:1      | Reached XP level 1. HP: 16/16 MP: 1/1
   377 | D:1      | Found Cabaegoc's Weapon Shop.
   386 | D:1      | Gained mutation: You regenerate a little health from kills.
                  | [demonic ancestry]
   386 | D:1      | Reached XP level 2. HP: 18/22 MP: 2/2
   887 | D:1      | Found a faded altar of an unknown god.
  1243 | D:2      | Noticed Natasha
  1251 | D:2      | Killed Natasha
  1252 | D:2      | Reached skill level 1 in Armour
  1252 | D:2      | Discovered your monstrous ancestry.
  1252 | D:2      | Gained mutation: You have a small tail. [demonic ancestry]
  1252 | D:2      | Reached XP level 3. HP: 24/28 MP: 3/3
  1304 | D:2      | Found Guyf's Armour Emporium.
  1634 | D:2      | Found Coboi's Book Boutique.
  1811 | D:2      | Noticed Natasha
  1819 | D:2      | Killed Natasha
  1820 | D:2      | Gained mutation: You sometimes gain a little power by
                  | taking damage. [demonic ancestry]
  1820 | D:2      | Reached XP level 4. HP: 18/34 MP: 4/4
  2212 | D:2      | Noticed Jessica
  2216 | D:2      | Killed Jessica
  2474 | D:3      | Found a sacrificial altar of Ru.
  2485 | D:3      | Found a stormy altar of Qazlal.
  2491 | D:3      | Gained mutation: You regenerate health from kills. [demonic
                  | ancestry]
  2491 | D:3      | Reached XP level 5. HP: 41/41 MP: 5/5
  2569 | D:3      | Noticed Terence
  2573 | D:3      | Killed Terence
  3047 | D:3      | You fall into a shaft and drop 1 floor!
  3103 | D:3      | Found a burning altar of Makhleb.
  3105 | D:3      | Noticed an angel
  3106 | D:3      | Noticed a cacodemon
  3336 | D:4      | Gained mutation: You have a pair of small horns on your
                  | head. [demonic ancestry]
  3336 | D:4      | Reached XP level 6. HP: 44/47 MP: 6/6
  3365 | D:4      | Found Ugenolua's Armour Shoppe.
  3474 | D:4      | Reached XP level 7. HP: 54/54 MP: 7/7
  3951 | D:5      | Entered Level 5 of the Dungeon
  4115 | D:5      | Found a radiant altar of Vehumet.
  4832 | D:6      | Noticed Pikel
  4852 | D:6      | Killed Pikel
  4853 | D:6      | Reached skill level 5 in Fighting
  4853 | D:6      | Reached skill level 5 in Polearms
  4853 | D:6      | Reached skill level 5 in Dodging
  4853 | D:6      | Reached XP level 8. HP: 39/63 MP: 8/8
  5203 | D:6      | Found a shimmering blue altar of Sif Muna.
  5254 | D:6      | Noticed Dowan
  5268 | D:6      | Killed Dowan
  5272 | D:6      | Noticed Duvessa
  5281 | D:6      | Killed Duvessa
  5386 | D:6      | Found Xufe's General Store.
  5459 | D:6      | Reached skill level 5 in Armour
  5674 | D:7      | Gained mutation: You have a tail ending in a sharp stinger.
                  | [demonic ancestry]
  5674 | D:7      | Reached XP level 9. HP: 35/69 MP: 9/9
  6035 | D:7      | Found a staircase to the Ecumenical Temple.
  6058 | Temple   | Entered the Ecumenical Temple
  6139 | Temple   | Became a worshipper of Hepliaklqana the Forgotten
  6645 | D:8      | Noticed Gastronok
  6662 | D:8      | Killed from afar by Gastronok

Illustrated notes

Levels and vault maps discovered:
D:1:      dpeg_arrival_chambers_temple_mockup, layout_basic, serial_shops,
          nicolae_shop_bloodbath_and_beyond, chequers_ecumenical_altar_lobes
D:2:      layout_loops_corners, serial_shops, nicolae_shop_tiny_waterfront,
          shop, uniq_jessica, uniq_natasha
D:3:      layout_basic, mainiacjoe_overflow_catwalk_spiral,
          grunt_temple_overflow_order_and_chaos_2,
          hangedman_decor_clover_reticule, uniq_terence
D:4:      layout_loops_ring, nicolae_stop_n_shop_1
D:5:      layout_basic, lemuel_tele_altar, nrook_campfire
D:6:      layout_loops_ring, lemuel_blue_sif_altar, serial_shops,
          nicolae_square_shop, uniq_pikel, uniq_duvessa
D:7:      layout_loops_ring, minmay_temple_entry_butterflies,
          nicolae_zen_rock_garden, serial_bayou_lagoon_b
D:8:      layout_basic, mainiacjoe_overflow_alcove_1,
          mainiacjoe_overflow_chevrons, amcnicky_altar_gilded, enter_bailey_7,
          st_stairs_1, minivault_12, uniq_prince_ribbit1, uniq_gastronok,
          uniq_psyche
Temple:   hellmonk_temple_two_chambers

Skill      XL: |  1  2  3  4  5  6  7  8 |
---------------+-------------------------+-----
Polearms       | 3 4 5 6 |  6.2
Armour         | 1 2 3 4 5 |  5.3
Dodging        | 3 4 5 6 |  6.2
Fighting       | 3 4 5 6 |  6.3
Throwing       | |  1.7

Action                     |  1- 3 |  4- 6 |  7- 9 || total
---------------------------+-------+-------+-------++-------
  Melee: Trident           |    97 |   149 |   168 ||   414
         Tailslap          |     3 |    11 |    24 ||    38
         Punch             |       |     3 |     1 ||     4
         Headbutt          |       |     5 |    40 ||    45
  Throw: Throwing net      |       |       |     2 ||     2
    Use: Scroll            |     2 |     9 |     8 ||    19
         Potion            |       |       |     5 ||     5
   Stab: Sleeping          |     3 |     1 |     1 ||     5
         Held in net/web   |       |       |     2 ||     2
         Invisible         |       |       |     2 ||     2
 Armour: Leather armour    |    17 |    34 |    35 ||    86
  Dodge: Dodged            |    46 |    53 |    67 ||   166
